 Dungeon Crawl Stone Soup version 0.28.0-49-g6dfe1f597d (webtiles) character file.

Game seed: 15208155004170137470

4 styxcanada the Sneak (level 1, -1/10 HPs)
             Began as a Spriggan Brigand on May 19, 2022.
             Slain by a kobold
             ... wielding a +1 short sword of venom
              (6 damage)
             ... on level 1 of the Dungeon.
             The game lasted 00:00:39 (85 turns).

styxcanada the Sneak (Spriggan Brigand)               Turns: 85, Time: 00:00:39

Health: -1/10      AC:  3    Str:  7    XL:     1   Next: 58%
Magic:  2/2        EV: 16    Int: 12    God:
Gold:   15         SH:  0    Dex: 16    Spells: 0/0 levels left

rFire   . . .      SeeInvis +   a - +2 dagger
rCold   . . .      Faith    .   (no shield)
rNeg    . . .      Spirit   .   b - +0 robe
rPois   .          Reflect  .   (helmet restricted)
rElec   .          Harm     .   c - +0 cloak
rCorr   .          Rampage  .   (gloves unavailable)
Will    .....                   (boots unavailable)
Stlth   +++.......              (no amulet)
HPRegen 0.03/turn               (no ring)
MPRegen 0.08/turn               (no ring)

@: lethally poisoned (-1 -> -10), very quick
A: very small, no large weapons, unfitting armour, see invisible, speed 3
a: no special abilities


You were on level 1 of the Dungeon.
You visited 1 branch of the dungeon, and saw 1 of its levels.

You collected 15 gold pieces.

Inventory:

Hand Weapons
 a - a +2 dagger (weapon)
Missiles
 d - 7 poisoned darts (quivered)
 e - 2 curare-tipped darts
Armour
 b - a +0 robe (worn)
 c - a +0 cloak (worn)
Potions
 f - a potion of attraction {unknown}


   Skills:
 * Level 1.5 Fighting
 + Level 2.2 Short Blades
 + Level 2.0 Throwing
 * Level 1.7 Dodging
 * Level 6.1 Stealth


You couldn't memorise any spells.
You didn't know any spells.
Your spell library was empty.

Dungeon Overview and Level Annotations

Branches:
Dungeon (1/15)

Altars:


Innate Abilities, Weirdness & Mutations

You are very small and have problems with some larger weapons.
You are too small for most types of armour.
You have supernaturally acute eyesight. (SInv)
You cover ground extremely quickly. (Speed+++)


Message History

You throw a poisoned dart.
The poisoned dart barely misses the kobold.
The poisoned dart barely misses the bat.
The poisoned dart hits the goblin.
The goblin is poisoned.
You miss the kobold. The kobold misses you.
You miss the kobold. The kobold hits you but does no damage.
You closely miss the kobold. The kobold misses you.
You hit the kobold.
You kill the kobold!
You kill the goblin!
The bat hits you but does no damage.
Your Stealth skill increases to level 6!
You hit the bat.
The bat is severely wounded.
The bat hits you but does no damage. x2
You hit the bat.
You kill the bat!
Things that are here:
a +0 club; a bat corpse
Things that are here:
a +0 club; a +0 dagger; a goblin corpse
d - 7 poisoned darts (gained 1)
You see here a poisoned dart.
You closely miss the frilled lizard. The frilled lizard closely misses you.
You closely miss the frilled lizard.
The frilled lizard completely misses you.
The kobold shouts!
You hit the frilled lizard.
You kill the frilled lizard!
The kobold closely misses you.
You closely miss the kobold. You hit the kobold but do no damage.
Your punch misses the kobold.
The kobold hits you with a +1 short sword of venom.
You are lethally poisoned!
You hit the kobold.
The kobold is moderately wounded.
You feel very sick.
The kobold hits you with a +1 short sword of venom.
Ouch! That really hurt!
You die...

#....## ...........#P≈
#.....## .# #........#P≈
+...... #.#.#........##P
#.....#######.#.#........###
#.....##...##.......#....# #
#.....##.#..........#....#
#....# #.#......###.######
#....###.#......+...#####
#....(.....@K...##......#
#####.###........#.####.#
#.# #....#.....####+ #)#
#....#........... #.#
#....#.........K. #)#
####.#........... #.#
..#........... #.#
###.....g..... #..
#...........


You could see a kobold.

Vanquished Creatures
  A bat (D:1)
  A goblin (D:1)
  A frilled lizard (D:1)
  2 kobolds (D:1)
5 creatures vanquished.

Notes
Turn   | Place    | Note
-------+----------+-------------------------------------------
     0 | D:1      | styxcanada the Spriggan Brigand began the quest for the
                  | Orb.
     0 | D:1      | Reached XP level 1. HP: 10/10 MP: 2/2
    65 | D:1      | Reached skill level 6 in Stealth
    85 | D:1      | Slain by a kobold

Illustrated notes

Levels and vault maps discovered:
D:1:      psy_arrival_terrarium, layout_basic, serial_shops, shop

Skill      XL: |  1 |
---------------+----+-----
Stealth        | 6 |  6.1
Fighting       | |  1.5
Short Blades   | |  2.2
Throwing       | |  2.0
Dodging        | |  1.7

Action                   || total
-------------------------++-------
Melee: Dagger            ||    14
Throw: Dart              ||     2
Armor: Robe              ||     4
Dodge: Dodged            ||    10
